cohdb
Replays
Latest Replays
All Replays
Popular Replays
Top Player Replays
Match Explorer
How It Works
Community
CoH3 Stats
Reddit
Sign in to upload your games and track your stats! →
Sign in with Steam
Match 41676743
Unlisted
Match 41676743
Overview
Messages
Build Orders
End
Construct Section Command Post
Construct Section Command Post
Vickers Machine Gun Team
ML 3-inch Mortar Team
Infantry Section
Infantry Section
Construct Platoon Command Post
Unlock M3 Stuart Light Tanks
M3 Stuart Light Tank
M3 Stuart Light Tank
CMP 15cwt Truck
Light Vehicle Training
M3 Stuart Light Tank
M3 Stuart Light Tank
M3 Stuart Light Tank
M3 Stuart Light Tank
M3 Stuart Light Tank
M3 Stuart Light Tank
Selects Canadian Shock Battlegroup
Selects Incendiary Munitions
Selects Pyrotechnics
Selects Churchill Crocodile Heavy Tank
Churchill Crocodile Heavy Tank
Selects Attacking Spirit
Selects Canadian Shock Section
Selects Point Assault
Armored Vehicle Training
XuZhongwei
EIIIC
TeflonDon
CPU - 专家
CPU - 专家
CPU - 专家
0
0
Comments
sign in to comment!
No comments posted yet!